 Dungeon Crawl Stone Soup version 0.19-a0-1886-gd64a0f0 (webtiles) character file.

18 Leibowitz the Skirmisher (level 2, -2/25 HPs)
             Began as a Demigod Fighter on Oct 16, 2016.
             Slain by a kobold
             ... wielding a cursed +0 short sword
              (3 damage)
             ... on level 2 of the Dungeon.
             The game lasted 00:02:12 (1059 turns).

Leibowitz the Skirmisher (Demigod Fighter)          Turns: 1059, Time: 00:02:13

Health: -2/25      AC:  8    Str: 19    XL:     2   Next: 33%
Magic:  4/4        EV:  4    Int: 12    God:
Gold:   54         SH:  8    Dex: 15    Spells: 0 memorised, 1 level left

rFire  . . .     SeeInvis .     a - +0 war axe
rCold  . . .     Gourm    .     n - +0 chain mail (curse)
rNeg   . . .     Faith    .     c - +0 shield
rPois  .         Spirit   .     (no helmet)
rElec  .         Dismiss  .     (no cloak)
rCorr  .         Reflect  .     (no gloves)
MR     .....     Harm     .     (no boots)
Stlth  ..........               (no amulet)
                                (no ring)
                                (no ring)

@: heavily drained
A: high mp 1
a: no special abilities


You were on level 2 of the Dungeon.
You were hungry.

You visited 1 branch of the dungeon, and saw 2 of its levels.

You collected 54 gold pieces.

Inventory:

Hand Weapons
 a - a +0 war axe (weapon)
Armour
 c - a +0 shield (worn)
 n - a cursed +0 chain mail (worn)
Scrolls
 e - a scroll of immolation {unknown}
 i - 2 scrolls of enchant armour {unknown}
 j - a scroll of random uselessness {unknown}
 k - a scroll of remove curse {unknown}
 l - a scroll of blinking {unknown}
 m - a scroll of identify {unknown}
Potions
 b - 2 potions of curing {unknown}
 d - 2 potions of might
Comestibles
 f - 2 bread rations
 g - a beef jerky
 h - 4 fruits


   Skills:
 + Level 2.9(1.3) Fighting
 + Level 2.1(0.6) Axes
 + Level 2.9(1.3) Armour
 + Level 2.8(1.2) Shields


You had one spell level left.
You didn't know any spells.

Dungeon Overview and Level Annotations

Branches:
Dungeon (2/15)


Innate Abilities, Weirdness & Mutations

You have an increased reservoir of magic. (+10% MP)


Message History

You closely miss the kobold.
The kobold is moderately wounded.
The kobold hits you but does no damage. You block the kobold's attack.
You hit the kobold but do no damage.
The kobold is moderately wounded.
The kobold hits you with a short sword.
* * * LOW HITPOINT WARNING * * *
You closely miss the kobold.
The kobold is moderately wounded.
You block the kobold's attack. The kobold hits you but does no damage.
You closely miss the kobold.
The kobold is moderately wounded.
The kobold hits you with a short sword.
* * * LOW HITPOINT WARNING * * *
You closely miss the kobold.
The kobold is moderately wounded.
The kobold hits you with a short sword.
* * * LOW HITPOINT WARNING * * *
The kobold hits you with a short sword.
You die...

...## ....### #
#....### ..
......###...
#.#####..........
#.....<........<.
#######..b...#.#
###K#### #@#
#...$# ####.# #


You could see a bat and a kobold.

Vanquished Creatures
  3 leopard geckos
  A ball python (D:1)
  2 giant cockroaches (D:1)
  A hobgoblin (D:1)
  2 kobolds (D:1)
  A bat (D:1)
  2 frilled lizards
  A goblin (D:1)
  A rat (D:1)
14 creatures vanquished.

Notes
Turn   | Place    | Note
-------+----------+-------------------------------------------
     0 | D:1      | Leibowitz the Demigod Fighter began the quest for the Orb.
     0 | D:1      | Reached XP level 1. HP: 18/18 MP: 3/3
     2 | D:1      | Noticed an elf
     2 | D:1      | Noticed a gargoyle
     4 | D:1      | Noticed an elf
     5 | D:1      | Noticed a vine stalker
     6 | D:1      | Noticed an octopode
     7 | D:1      | Noticed an octopode
    11 | D:1      | Noticed a naga
    15 | D:1      | Noticed an elf
    15 | D:1      | Noticed a ghoul
    17 | D:1      | Noticed a formicid
    17 | D:1      | Noticed a human
    17 | D:1      | Noticed a vampire
    19 | D:1      | Noticed a vine stalker
    19 | D:1      | Noticed a spriggan
    22 | D:1      | Noticed a vampire
   436 | D:1      | Reached XP level 2. HP: 8/25 MP: 4/4
  1059 | D:2      | HP: 1/25 [kobold/short sword (1)]
  1059 | D:2      | Slain by a kobold

Vault maps used:
D:1:      shiori_arrival_whats_in_store_for_you, roderic_lattice_a
D:2:      minmay_strange_pillars, minmay_unequal

Skill      XL: |  1 |
---------------+----+-----
Axes           | 2 |  2.1
Fighting       | |  2.9
Armour         | |  2.9
Shields        | |  2.8

Action                   || total
-------------------------++-------
Melee: War axe           ||    75
Armor: Scale mail        ||    15
       Chain mail        ||    28
Dodge: Dodged            ||    21
Block: Shield            ||    43
